 Dungeon Sprint DCSS version 0.32-a0-39-g5c88369fb2 (webtiles) character file.

Game seed: 4819232105985656547

335867 Conn the Eclecticist (level 15, 52/111 (113) HPs)
             Began as an Octopode Fire Elementalist on Feb 3, 2024.
             Was the Champion of Sif Muna.
             Escaped with the Orb!
             The game lasted 01:49:53 (7879 turns).

Conn the Eclecticist (Octopode Fire Elementalist)   Turns: 7879, Time: 01:49:53

HP:   52/111 (113)  AC:  8    Str:  6    XL:     15   Next: 71%
MP:   0/56          EV: 16    Int: 34    God:    Sif Muna [******]
Gold: 2537          SH: 10    Dex: 11    Spells: 4/53 levels left

rFire   + . .        h - +8 hand axe of Jihual {freeze, *Slow rPois rN++ Stlth+}
rCold   + + .        u - +3 buckler {reflect}
rNeg    + + .        E - +1 hat "Jibaf" {Str+2 Int+6 Dex+3}
rPois   +            H - amulet of guardian spirit
rElec   .            G - ring of protection from cold
rCorr   .            l - ring of magical power
SInv    +            x - ring "Qijed" {rF+ rC+}
Will    +....        w - ring "Xurin" {Wiz MP+9 Dex-5 SInv}
Stlth   ++           M - +4 ring of protection
HPRegen 0.38/turn    (no ring)
MPRegen 0.35/turn    (no ring)
                     (no ring)

%: no teleportation, slow self (1%), reflection, guardian spirit, wizardry (x1)
@: channelling, lightly drained
A: almost no armour, amphibious, 8 rings, camouflage 1, gelatinous body 1,
(nimble swimmer 1), tentacles, iridescent scales 1, clever 1, weak 1, MP-powered
wands
0: Orb of Zot
a: Renounce Religion, Channel Magic, Forget Spell, Divine Exegesis


You escaped.
You worshipped Sif Muna.
Sif Muna was exalted by your worship.
You visited 1 branch You collected 6225 gold pieces.
You spent 3688 gold pieces at shops.

Inventory:

Hand Weapons
 h - the +8 hand axe of Jihual (weapon) {freeze, *Slow rPois rN++ Stlth+}
   (You bought it in a shop in the Dungeon)

   rPois:     It protects you from poison rN++: It greatly protects you from
   negative energy.
   *Slow:     It may slow you when you take damage.
   Stlth+:    It makes you more stealthy.
 i - the +9 hand axe of the Present {holy, rC+ Str+4 SInv}
   (You bought it in a shop in the Dungeon)

   Str+4:     It affects your strength (+4).
   rC+:       It protects you from cold.
   SInv:      It lets you see invisible.
 y - the +5 triple crossbow of a Thousand Continents {drain, rPois Will+ rCorr}
   (You found it in the Dungeon)

   rPois:     It protects you from poison Will+: It increases your willpower.
   rCorr:     It protects you from acid and corrosion.
 F - the +5 sling "Etodapy" {heavy, rPois Dex+3}
   (You bought it in a shop in the Dungeon)

   Dex+3:     It affects your dexterity (+3).
   rPois:     It protects you from poison
Armour
 q - a +2 hat of intelligence
 u - a +3 buckler of reflection (worn)
 E - the +1 hat "Jibaf" (worn) {Str+2 Int+6 Dex+3}
   (You acquired it in the Dungeon)

   Str+2:     It affects your strength (+2).
   Int+6:     It affects your intelligence (+6).
   Dex+3:     It affects your dexterity (+3).
Magical Staves
 o - a staff of cold
 t - a staff of death
 A - a staff of fire
Jewellery
 d - a ring of fire
 l - a ring of magical power (right tentacle)
 r - an amulet of regeneration
 w - the ring "Xurin" (on tentacle) {Wiz MP+9 Dex-5 SInv}
   (You acquired it in the Dungeon)

   [ring of wizardry]

   Wiz:       It improves your spell success rate.
   Dex-5:     It affects your dexterity (-5).
   MP+9:      It affects your magic capacity (+9).
   SInv:      It lets you see invisible.
 x - the ring "Qijed" (on tentacle) {rF+ rC+}
   (You found it in the Dungeon)

   [ring of protection from cold]

   rF+:       It protects you from fire.
   rC+:       It protects you from cold.
 G - a ring of protection from cold (left tentacle)
 H - an amulet of guardian spirit (around mantle)
 M - a +4 ring of protection (on tentacle)
 P - the amulet of Amorality {Faith Will+}
   (You found it in the Dungeon)

   [amulet of faith]

   Faith:     It allows you to gain divine favour quickly.
   Will+:     It increases your willpower.
Wands
 e - a wand of charming (22)
 p - a wand of flame (10)
 s - a wand of mindburst (6)
 v - a wand of digging (5)
 z - a wand of quicksilver (2)
 D - a wand of roots (2)
Scrolls
 f - 2 scrolls of enchant weapon
 g - a scroll of revelation
 j - a scroll of poison
 n - a scroll of immolation
 C - 2 scrolls of enchant armour
Potions
 a - 32 potions of magic
 b - 3 potions of curing
 k - 14 potions of enlightenment
 m - a potion of haste
 L - 28 potions of mutation
Miscellaneous
 K - a tin of tremorstones (2/2)
 N - a phantom mirror
 O - a phial of floods
 Q - a lightning rod (4/4)


   Skills:
 + Level 14.3 Fighting
 - Level 10.3 Dodging
 - Level 6.0 Stealth
 + Level 14.0 Shields
 * Level 19.6 Spellcasting
 + Level 17.4 Conjurations
 - Level 6.0 Hexes
 - Level 12.0 Summonings
 - Level 10.0 Translocations
 + Level 17.0 Fire Magic
 - Level 10.0 Air Magic
 + Level 18.6 Invocations


You had 4 spell levels left.
You knew the following spells:

 Your Spells              Type           Power      Damage    Failure   Level
a - Foxfire               Conj/Fire      100%       2x1d9     0%          1
b - Scorch                Fire           100%       2d9       0%          2
c - Iskenderun's Mystic   Conj/Tloc      91%        2d18      1%          4
d - Orb of Destruction    Conj           50%        9d13      1%          7
e - Ignition              Fire           49%        3d14      3%          8
f - Plasma Beam           Fire/Air       45%        2x1d59    1%          6
g - Dispersal             Tloc           39%        N/A       1%          6
h - Malign Gateway        Summ/Tloc      41%        N/A       4%          7
i - Summon Cactus Giant   Summ           43%        N/A       1%          6
j - Blink                 Tloc           100%       N/A       1%          2

Your spell library contained the following spells:

 Spells                   Type           Power      Damage    Failure   Level
 Apportation              Tloc           100%       N/A       0%          1
 Magic Dart               Conj           100%       1d8       0%          1
 Summon Small Mammal      Summ           100%       N/A       0%          1
 Call Imp                 Summ           100%       N/A       0%          2
 Momentum Strike          Conj/Tloc      100%       3d10      0%          2
 Searing Ray              Conj           100%       2d8       0%          2
 Static Discharge         Conj/Air       100%       3-8/arc   0%          2
 Volatile Blastmotes      Fire/Tloc      100%       2d18      0%          3
 Flame Wave               Conj/Fire      100%       2d21      0%          4
 Necrotise                Necr           100%       1d9       1%          1
 Slow                     Hex            100%       N/A       1%          1
 Sting                    Conj/Alch      100%       1d9       1%          1
 Cigotuvi's Dreadful Rot  Necr/Alch/Air  100%       N/A       1%          2
 Ensorcelled Hibernation  Hex/Ice        100%       N/A       1%          2
 Lesser Beckoning         Tloc           100%       N/A       1%          2
 Mercury Vapours          Alch/Air       100%       N/A       1%          2
 Sublimation of Blood     Necr           33%        N/A       1%          2
 Call Canine Familiar     Summ           86%        N/A       1%          3
 Dazzling Flash           Conj/Hex       100%       N/A       1%          3
 Gell's Gravitas          Tloc           79%        N/A       1%          3
 Hailstorm                Conj/Ice       75%        3d13      1%          3
 Inner Flame              Hex/Fire       84%        N/A       1%          3
 Mephitic Cloud           Conj/Alch/Air  77%        N/A       1%          3
 Stone Arrow              Conj/Erth      100%       3d13      1%          3
 Summon Ice Beast         Ice/Summ       65%        N/A       1%          3
 Swiftness                Air            79%        N/A       1%          3
 Teleport Other           Tloc           79%        N/A       1%          3
 Airstrike                Air            39%        2d(6-22)  1%          4
 Anguish                  Hex/Necr       26%        N/A       1%          4
 Brom's Barrelling Bould  Conj/Erth      75%        2d9       1%          4
 Cause Fear               Hex            32%        N/A       1%          4
 Dimensional Bullseye     Hex/Tloc       36%        N/A       1%          4
 Fulminant Prism          Conj/Alch      37%        3d17      1%          4
 Ignite Poison            Fire/Alch      74%        N/A       1%          4
 Manifold Assault         Tloc           79%        N/A       1%          4
 Martyr's Knell           Necr/Summ      65%        N/A       1%          4
 Passage of Golubria      Tloc           79%        N/A       1%          4
 Sticky Flame             Fire/Alch      74%        2d12      1%          4
 Summon Lightning Spire   Summ/Air       83%        N/A       1%          4
 Vhi's Electric Charge    Tloc/Air       100%       N/A       1%          4
 Dispel Undead            Necr           33%        3d14      5%          4
 Leda's Liquefaction      Alch/Erth      16%        N/A       5%          4
 Olgreb's Toxic Radiance  Alch           33%        N/A       5%          4
 Petrify                  Alch/Erth      33%        N/A       5%          4
 Arcjolt                  Conj/Air       45%        1d55      1%          5
 Fireball                 Conj/Fire      50%        3d20      1%          5
 Freezing Cloud           Conj/Ice/Air   38%        6-21      1%          5
 Irradiate                Conj/Alch      37%        3d24      1%          5
 Iskenderun's Battlesphe  Conj           100%       2d15      1%          5
 Silence                  Hex/Air        36%        N/A       1%          5
 Summon Forest            Summ/Tloc      41%        N/A       1%          5
 Summon Mana Viper        Hex/Summ       76%        N/A       1%          5
 Conjure Ball Lightning   Conj/Air       45%        3x3d16    1%          6
 Starburst                Conj/Fire      50%        6d14      1%          6
 Spellforged Servitor     Conj/Summ      46%        N/A       1%          7
 Bombard                  Conj/Erth      37%        9d7       2%          6
 Monstrous Menagerie      Summ           43%        N/A       3%          7
 Summon Hydra             Summ           43%        N/A       3%          7
 Borgnjor's Vile Clutch   Necr/Erth      16%        N/A       16%         5
 Enfeeble                 Hex            32%        N/A       34%         7
 Haunt                    Necr/Summ      32%        N/A       34%         7
 Fire Storm               Conj/Fire      50%        8d13      41%         9
 Disjunction              Tloc           39%        N/A       47%         8
 Maxwell's Capacitive Co  Air            39%        ∞         47%         8
 Lehudib's Crystal Spear  Conj/Erth      37%        10d9      65%         8
 Chain Lightning          Conj/Air       45%        3d60      86%         9
 Discord                  Hex            32%        N/A       95%         8
 Dragon's Call            Summ           43%        N/A       98%         9
 Infestation              Necr           16%        N/A       100%        8
 Death's Door             Necr           16%        N/A       100%        9
 Shatter                  Erth           16%        3d16*     100%        9
 Animate Armour           Summ/Erth      Unusable   N/A       N/A         4

Dungeon Overview and Level Annotations

Branches:
Dungeon (1/1)

Altars:
Cheibriados
Dithmenos
Elyvilon
Fedhas
Gozag
Hepliaklqana
Kikubaaqudgha
Makhleb
Nemelex Xobeh
Okawaru
Qazlal
Ru
Sif Muna
Trog
Uskayaw
Vehumet
Wu Jian
Xom
Yredelemnul
Zin
The Shining One
Jiyva
Lugonu

Shops:
D *?::[[?:[(=[*(:![:[(?=*(=[(![?(:


Innate Abilities, Weirdness & Mutations

You cannot wear most types of armour.
You are amphibious.
You can wear up to eight rings at the same time.
Your skin changes colour to match your surroundings (Stealth+).
Your rubbery body absorbs attacks. (AC +1, EV +1)
((You are camouflaged when in or above water. (Stealth+)))
You have tentacles for arms and can constrict up to eight enemies at once.
You are partially covered in iridescent scales. (AC +2)
Your mind is acute. (Int +4, Str/Dex -1)
You are weak. (Str -2)
You expend magic power (3 MP) to strengthen your wands.


Message History

The mystic blast hits the blizzard demon!
The blizzard demon is almost dead.
The blizzard demon is knocked back by the mystic blast.
The blizzard demon slams into the rock wall!
You hear a shout!
A neqoxec comes into view.
Unknown command.
Casting: Iskenderun's Mystic Blast (safe; 1% risk of failure)
Confirm with . or Enter, or press ? or * to list all spells.
You erupt in a blast of force!
The mystic blast hits the blizzard demon!
You kill the blizzard demon!
Sif Muna accepts your kill.
The demonspawn blood saint calls on the powers of chaos!
The Orb Guardian seems to grow stronger.
The neqoxec gestures at you. Something gnaws heavily on your mind!
You feel your power leaking away.
Your Fire Magic skill increases to level 17!
Unknown command.
The demonspawn blood saint conjures a destructive force in the name of Makhleb!
The fireball explodes!
The fireball engulfs you! You resist.
The ghostly flame explodes!
The ghostly fireball engulfs you. You partially resist.
You feel drained.
Unknown command.
Unknown command.
Unknown command.
Casting: Iskenderun's Mystic Blast (safe; 1% risk of failure)
Confirm with . or Enter, or press ? or * to list all spells.
Okay, then.
Unknown command.
Press: ? - help, v - describe, . - travel
Here: a demonspawn blood saint, wielding a +0 quarterstaff and wearing a +0 robe (heavily wounded)
The floor, spattered with blood.
Unknown command.
You can't go down here!
The neqoxec gestures at you. Something gnaws heavily on your mind!
You feel your power leaking away.
You have escaped!

##########~~#+++#+++#####....#.##
#########~~~.).......#..'....#..#
......∩.#~.~~.##+##..#..####.#..#
...∩.∩..#~~~~##...##.####..'.##.#
..∩.∩...#~~~~#.##..#....#..#^..##
.⌠.∩....#~~####.######..#####..##
..∩.∩...#~##.###3###.##..#.['..#)
...∩.∩..#~#...##.##.###..#..#..#.
....∩.∩.'~'.##6.@.'##.'..####..##
.....∩.∩#~#.3X##.##...#....###...
▓▓▓▓▓▓###~##.###'###.##§§....~~~~
..(######~~####~).####~~.....~#'#
:..#†.'.##~~~#.~#..#~~~~~~~..§#_.
∩..'..#'##'#~##~..##~~~§~~~~.~#._
.[.#.##≈##.#~)##'##~~~≈§§§~~~~#_.
)..###°≈≈####~~~§§~~§~§§≈≈≈~~~#._
#'###°○≈°≈# #+++#§''#~≈≈§≈≈≈≈~#_.


You could see a demonspawn blood saint, an Orb Guardian (strong), a smoke demon
and a neqoxec.

Vanquished Creatures
  Gloorx Vloq (D)
  A royal mummy (D)
  the Lernaean hydra (D)
  A pandemonium lord (D)
  An electric golem (D)
  An Ice Fiend (D)
  2 Orb Guardians (D)
  A deep elf blademaster (D)
  Murray (D)
  A deep elf master archer (D)
  3 quicksilver dragons (D)
  2 sphinxes (D)
  Roxanne (D)
  A draconian knight (D)
  3 balrugs (D)
  Nessos (D)
  4 lorocyprocas (D)
  A dire elephant (D)
  A crystal guardian (D)
  A green death (D)
  A blizzard demon (D)
  An iron golem (D)
  A fire dragon (D)
  A great orb of eyes (D)
  An ice dragon (D)
  2 hell hogs (D)
  A soul eater (D)
  4 sun demons (D)
  A skeletal warrior (D)
  2 death drakes (D)
  2 deep trolls (D)
  An orange crystal statue (D)
  A harpy (D)
  An orc sorcerer (D)
  An oklob plant (D)
  3 manticores (D)
  An elephant (D)
  A toenail golem (D)
  15 shining eyes (D)
  A merfolk siren (D)
  4 nameless horrors (D)
  An eye of devastation (D)
  An unseen horror (D)
  2 cane toads (D)
  A yaktaur (D)
  5 polar bears (D)
  A hornet (D)
  10 glass eyes (D)
  3 slime creatures (D)
  A ynoxinul (D)
  3 yaks (D)
  4 neqoxecs (D)
  2 wyverns (D)
  2 redbacks (D)
  Menkaure (D)
  A chaos spawn (D)
  A swamp drake (D)
  2 black bears (D)
  6 crocodiles (D)
  6 weeping skulls (D)
  5 necrophages (D)
  A scorpion (D)
  An earth elemental (D)
  9 electric eels (D)
  4 lava snakes (D)
  4 orc priests (D)
  An iron imp (D)
  3 ribbon worms (D)
  A spectral giant cockroach (D)
  2 ballistomycete spores (D)
  A tentacle (D)
160 creatures vanquished.

Vanquished Creatures (collateral kills)
  A curse toe (D)
  A golden dragon (D)
  A bone dragon (D)
  A kraken (D)
  An eldritch tentacle (D)
  Gastronok (D)
  A storm dragon (D)
  Kirke (D)
  A cacodemon (D)
  A vampire knight (D)
  A yaktaur captain (D)
  A deep elf high priest (D)
  A centaur warrior (D)
  An iron elemental (D)
  A sun demon (D)
  3 sixfirhies (D)
  2 orc sorcerers (D)
  A toenail golem (D)
  An unseen horror (D)
  A kobold demonologist (D)
  A black bear (D)
  4 laughing skulls (D)
  A swamp drake (D)
  A crocodile (D)
  An earth elemental (D)
  A jelly (D)
  A spectral adder (D)
  4 tentacles (D)
37 creatures vanquished.

Vanquished Creatures (others)
  An eldritch tentacle (D)
  A frost giant (D)
  A toenail golem (D)
  A golden eye (D)
  A crocodile (D)
  8 fire vortices (D)
  55 foxfires (D)
  14 tentacles (D)
82 creatures vanquished.

Grand Total: 279 creatures vanquished

Notes
Turn   | Place    | Note
-------+----------+-------------------------------------------
     0 | D        | Conn the Octopode Fire Elementalist began the quest for the
                  | Orb.
     0 | D        | Reached XP level 1. HP: 11/11 MP: 3/3
     6 | D        | Noticed a neqoxec
     9 | D        | Noticed a necrophage
     9 | D        | Noticed a necrophage
     9 | D        | Noticed a necrophage
     9 | D        | Noticed a necrophage
    14 | D        | Killed a necrophage
    15 | D        | Reached skill level 4 in Spellcasting
    15 | D        | Reached XP level 2. HP: 10/17 MP: 4/7
    15 | D        | Reached XP level 3. HP: 12/21 MP: 4/8
    15 | D        | Reached XP level 4. HP: 16/27 MP: 5/10
    18 | D        | Killed a necrophage
    19 | D        | Reached skill level 5 in Stealth
    19 | D        | Reached skill level 5 in Conjurations
    19 | D        | Reached XP level 5. HP: 15/31 MP: 6/12
    24 | D        | Reached skill level 5 in Spellcasting
    24 | D        | Reached skill level 5 in Fire Magic
    27 | D        | Reached skill level 5 in Dodging
    27 | D        | Reached skill level 6 in Spellcasting
    27 | D        | Reached XP level 6. HP: 11/36 MP: 8/15
    36 | D        | Learned a level 2 spell: Scorch
    41 | D        | Learned a level 4 spell: Flame Wave
    45 | D        | Learned a level 3 spell: Inner Flame
    91 | D        | Found Wuluig's Magic Scroll Shop.
    91 | D        | Found Liyrick's Antique Weapon Boutique.
    91 | D        | Found Alujid's Antique Armour Shop.
    91 | D        | Found Byohauny's Magic Scroll Boutique.
    91 | D        | Found Reast's Weapon Shop.
    91 | D        | Found Sevyola's Jewellery Shop.
    92 | D        | Found Maworewkuhu's Antique Armour Boutique.
    92 | D        | Found Sishoffi's Distillery.
    92 | D        | Found Booddumm's Book Boutique.
    92 | D        | Found Agaax's Distillery.
    93 | D        | Found Naag's Jewellery Shop.
    93 | D        | Found Histror's Antique Weapon Boutique.
    94 | D        | Found Wecafuhe's Antique Armour Boutique.
    94 | D        | Found Qodal's Jewellery Shop.
    94 | D        | Noticed a hell hog
    95 | D        | Noticed a hell hog
    95 | D        | Noticed an oklob plant
    97 | D        | Noticed a great orb of eyes
   104 | D        | Reached skill level 7 in Spellcasting
   105 | D        | Found Jithiu's Book Shoppe.
   113 | D        | Noticed a manticore
   122 | D        | Bought a ring of fire for 325 gold pieces
   127 | D        | Bought a potion of lignification for 30 gold pieces
   135 | D        | Noticed Menkaure
   136 | D        | Noticed Roxanne
   142 | D        | Noticed a merfolk siren
   145 | D        | Killed Menkaure
   154 | D        | Killed a merfolk siren
   155 | D        | Reached skill level 8 in Spellcasting
   155 | D        | Reached XP level 7. HP: 30/41 MP: 11/19
   210 | D        | Found an iron altar of Okawaru.
   210 | D        | Found a radiant altar of Vehumet.
   210 | D        | Found a glowing silver altar of Zin.
   230 | D        | Found a sparkling altar of Nemelex Xobeh.
   230 | D        | Found a hide-covered altar of Uskayaw.
   230 | D        | Found a basalt altar of Yredelemnul.
   231 | D        | Found an opulent altar of Gozag.
   231 | D        | Found a burning altar of Makhleb.
   231 | D        | Found a bloodstained altar of Trog.
   232 | D        | Found a blossoming altar of Fedhas.
   232 | D        | Found a corrupted altar of Lugonu.
   232 | D        | Found a shimmering blue altar of Sif Muna.
   233 | D        | Found a white marble altar of Elyvilon.
   233 | D        | Found an ancient bone altar of Kikubaaqudgha.
   234 | D        | Found a shadowy altar of Dithmenos.
   234 | D        | Found a viscous altar of Jiyva.
   235 | D        | Found a snail-covered altar of Cheibriados.
   237 | D        | Found a shimmering altar of Xom.
   237 | D        | Found a sacrificial altar of Ru.
   237 | D        | Found a hazy altar of Hepliaklqana.
   238 | D        | Found a glowing golden altar of the Shining One.
   238 | D        | Found an ornate altar of the Wu Jian Council.
   238 | D        | Found a stormy altar of Qazlal.
   244 | D        | Became a worshipper of Sif Muna the Loreminder
   258 | D        | Noticed a kraken
   392 | D        | Learned a level 1 spell: Summon Small Mammal
   396 | D        | Learned a level 3 spell: Teleport Other
   618 | D        | Noticed a yaktaur
   618 | D        | Noticed a hornet
   618 | D        | Noticed a polar bear
   619 | D        | Noticed a polar bear
   619 | D        | Noticed a polar bear
   627 | D        | Killed a polar bear
   627 | D        | Killed a polar bear
   627 | D        | Killed a polar bear
   627 | D        | Reached * piety under Sif Muna
   627 | D        | Killed a hornet
   627 | D        | Killed a yaktaur
   628 | D        | Reached skill level 9 in Spellcasting
   628 | D        | Reached skill level 10 in Conjurations
   628 | D        | Reached skill level 5 in Hexes
   628 | D        | Reached skill level 5 in Invocations
   628 | D        | Reached XP level 8. HP: 30/46 MP: 3/21
   628 | D        | Reached XP level 9. HP: 33/51 MP: 3/22
   633 | D        | Noticed a death drake
   636 | D        | Reached ** piety under Sif Muna
   639 | D        | Killed a death drake
   791 | D        | Noticed a death drake
   815 | D        | Reached skill level 10 in Spellcasting
   820 | D        | Reached *** piety under Sif Muna
   821 | D        | Reached skill level 5 in Translocations
   850 | D        | Bought a twisted hand axe for 208 gold pieces
   850 | D        | Identified the +9 hand axe of the Present {holy, rC+ Str+4
                  | SInv} (You bought it in a shop in the Dungeon)
   855 | D        | Bought 2 potions of heal wounds for 100 gold pieces
   866 | D        | Noticed a centaur warrior
   866 | D        | Noticed Kirke
   866 | D        | Noticed a yaktaur captain
   867 | D        | Noticed a kobold demonologist
   929 | D        | Reached **** piety under Sif Muna
   993 | D        | Learned a level 6 spell: Dispersal
  1003 | D        | Noticed a deep troll
  1008 | D        | Noticed a deep troll
  1014 | D        | Killed a deep troll
  1015 | D        | Reached skill level 1 in Fighting
  1015 | D        | Reached XP level 10. HP: 59/59 MP: 8/24
  1029 | D        | Killed a deep troll
  1241 | D        | Bought a glowing hat for 182 gold pieces
  1252 | D        | Bought a book of the Dragon for 588 gold pieces
  1261 | D        | Learned a level 5 spell: Fireball
  1320 | D        | Noticed a skeletal warrior
  1328 | D        | Killed a yaktaur captain
  1329 | D        | Reached skill level 1 in Summonings
  1331 | D        | Killed a kobold demonologist
  1332 | D        | Reached skill level 10 in Invocations
  1333 | D        | Killed a skeletal warrior
  1335 | D        | Killed a centaur warrior
  1336 | D        | Reached skill level 10 in Fire Magic
  1336 | D        | Noticed an elephant
  1340 | D        | Killed Kirke
  1340 | D        | Killed an elephant
  1340 | D        | Reached ***** piety under Sif Muna
  1341 | D        | Reached skill level 5 in Fighting
  1341 | D        | Reached skill level 10 in Dodging
  1341 | D        | Reached skill level 11 in Spellcasting
  1341 | D        | Reached XP level 11. HP: 61/72 MP: 6/26
  1484 | D        | Received a gift from Sif Muna
  1487 | D        | Got Sif Muna's Meditations on Embers and Calling {god gift}
  1495 | D        | Learned a level 6 spell: Summon Cactus Giant
  1575 | D        | Noticed an ice dragon
  1575 | D        | Noticed a shining eye
  1575 | D        | Noticed a shining eye
  1582 | D        | Killed a shining eye
  1582 | D        | Killed a shining eye
  1582 | D        | Killed a shining eye
  1582 | D        | Received a gift from Sif Muna
  1583 | D        | Reached skill level 5 in Summonings
  1583 | D        | Got Sif Muna's Quarto of Coordinates {god gift}
  1602 | D        | Killed an ice dragon
  1742 | D        | Found Hehefrir's Assorted Antiques.
  1742 | D        | Found Kesuyx's Book Shop.
  1742 | D        | Found Pyukh's Magic Scroll Shop.
  1742 | D        | Found Vastreyll's Armour Shoppe.
  1742 | D        | Found Inigh's Armour Boutique.
  1743 | D        | Found Anokuziw's Book Shoppe.
  1743 | D        | Found Getalug's Assorted Antiques.
  1743 | D        | Found Hytery's Book Emporium.
  1743 | D        | Found Okustod's General Store.
  1743 | D        | Found Ynlenef's Antique Weapon Emporium.
  1743 | D        | Found Esicec's Armour Shop.
  1743 | D        | Found Daetuaq's Weapon Shoppe.
  1747 | D        | Bought a +2 buckler of reflection for 203 gold pieces
  1753 | D        | Bought a book of Spatial Translocations for 198 gold pieces
  1756 | D        | Learned a level 2 spell: Blink
  1766 | D        | Bought a scroll of blinking for 97 gold pieces
  1779 | D        | Noticed a golden dragon
  1779 | D        | Noticed a cacodemon
  1784 | D        | Noticed a storm dragon
  1786 | D        | Noticed a deep elf high priest
  1786 | D        | Noticed a bone dragon
  1795 | D        | Killed a cacodemon
  1796 | D        | Reached skill level 1 in Shields
  1796 | D        | Reached skill level 12 in Spellcasting
  1801 | D        | Noticed a frost giant
  1806 | D        | Killed a bone dragon
  1807 | D        | Reached XP level 12. HP: 61/80 MP: 22/28
  1810 | D        | Killed a golden dragon
  1811 | D        | Killed a storm dragon
  1814 | D        | Killed a deep elf high priest
  1815 | D        | Reached skill level 5 in Shields
  1817 | D        | Killed a frost giant
  1907 | D        | Killed a kraken
  1907 | D        | Received a gift from Sif Muna
  1908 | D        | Got Sif Muna's Information on Movement and Bones {god gift}
  2058 | D        | Noticed a sphinx
  2058 | D        | Noticed a sphinx
  2062 | D        | Killed a sphinx
  2062 | D        | Killed a sphinx
  2063 | D        | Reached skill level 13 in Spellcasting
  2132 | D        | Received a gift from Sif Muna
  2143 | D        | Got Eghar's Quarto of Polluted Arson {god gift}
  2248 | D        | Learned a level 6 spell: Plasma Beam
  2262 | D        | Found Uchofeog's Book Shoppe.
  2263 | D        | Found Sack's Antique Weapon Boutique.
  2275 | D        | Bought a crude hand axe for 184 gold pieces
  2275 | D        | Identified the +8 hand axe of Jihual {freeze, *Slow rPois
                  | rN++ Stlth+} (You bought it in a shop in the Dungeon)
  2301 | D        | Reached skill level 1 in Air Magic
  2303 | D        | Received a gift from Sif Muna
  2304 | D        | Got Sif Muna's Enchiridion on the Missiles {god gift}
  2312 | D        | Learned a level 4 spell: Iskenderun's Mystic Blast
  2316 | D        | Noticed Gastronok
  2319 | D        | Noticed a nameless horror
  2368 | D        | Killed a nameless horror
  2391 | D        | Killed Gastronok
  2392 | D        | Reached XP level 13. HP: 46/88 MP: 1/30
  2526 | D        | Noticed a dire elephant
  2530 | D        | Killed a dire elephant
  2702 | D        | Identified the ring "Qijed" {rF+ rC+}
  2715 | D        | Identified the +5 triple crossbow of a Thousand Continents
                  | {drain, rPois Will+ rCorr}
  2719 | D        | Identified the +4 ring mail of Rogriosu {rElec SInv}
  2727 | D        | Identified the +4 rapier of a bailey {flame, Str+5 Dex-2}
  2733 | D        | Identified the +0 chain mail of Darkness {rC+}
  2738 | D        | Got Numeni's Compilation of the Zephyr
  2848 | D        | Found Pajianenunt's Armour Boutique.
  2849 | D        | Found Vyxixiwn's Magic Scroll Shoppe.
  2851 | D        | Noticed Nessos
  2865 | D        | Killed Nessos
  2865 | D        | Received a gift from Sif Muna
  2866 | D        | Reached skill level 10 in Translocations
  2866 | D        | Got Sif Muna's Elucidation of Heavy Wanderlust {god gift}
  2882 | D        | Bought a scroll of butterflies for 52 gold pieces
  2882 | D        | Bought 3 scrolls of enchant armour for 292 gold pieces
  3006 | D        | Bought Bemig's Codex of Mortification for 420 gold pieces
  3042 | D        | Identified 3 scrolls of acquirement
  3042 | D        | Acquired 733 gold pieces
  3046 | D        | Acquired the +1 hat "Jibaf" {Str+2 Int+6 Dex+3}
  3059 | D        | Acquired the ring "Xurin" {Wiz MP+9 Dex-5 SInv}
  3071 | D        | Learned a level 7 spell: Orb of Destruction
  3127 | D        | Noticed a crystal guardian
  3194 | D        | Bought a polished sling for 169 gold pieces
  3194 | D        | Identified the +5 sling "Etodapy" {heavy, rPois Dex+3} (You
                  | bought it in a shop in the Dungeon)
  3195 | D        | Bought a ring of protection from cold for 250 gold pieces
  3206 | D        | Bought an amulet of guardian spirit for 390 gold pieces
  3273 | D        | Killed Roxanne
  3274 | D        | Reached skill level 14 in Spellcasting
  3479 | D        | Reached skill level 5 in Air Magic
  3504 | D        | Noticed a black draconian knight
  3506 | D        | Noticed the 27-headed Lernaean hydra
  3725 | D        | Received a gift from Sif Muna
  3726 | D        | Got Sif Muna's Almanac of the Fair Folk and Nonlocality
                  | {god gift}
  3880 | D        | Killed a great orb of eyes
  3882 | D        | Reached skill level 15 in Invocations
  4024 | D        | Killed a black draconian knight
  4025 | D        | Reached skill level 10 in Summonings
  4157 | D        | Killed the 27-headed Lernaean hydra
  4306 | D        | Found Ephoace's Armour Shoppe.
  4341 | D        | Gained mutation: You occasionally lose the ability to drink
                  | potions when taking damage. [potion of mutation]
  4341 | D        | Gained mutation: One of your tentacles bears a spike.
                  | [potion of mutation]
  4341 | D        | Gained mutation: Your skin blends seamlessly with your
                  | surroundings (Stealth++). [potion of mutation]
  4342 | D        | Lost mutation: Your skin blends seamlessly with your
                  | surroundings (Stealth++). [potion of mutation]
  4342 | D        | Lost mutation: One of your tentacles bears a spike. [potion
                  | of mutation]
  4342 | D        | Lost mutation: You occasionally lose the ability to drink
                  | potions when taking damage. [potion of mutation]
  4342 | D        | Gained mutation: Your natural rate of healing is unusually
                  | fast. [potion of mutation]
  4445 | D        | Killed a crystal guardian
  4445 | D        | Received a gift from Sif Muna
  4446 | D        | Reached skill level 15 in Spellcasting
  4446 | D        | Got Sif Muna's Quarto of Combative Doom {god gift}
  4525 | D        | Noticed an electric golem
  4525 | D        | Noticed an iron golem
  4538 | D        | HP: 4/91 [iron golem (25)]
  4544 | D        | Killed an electric golem
  4585 | D        | Killed an iron golem
  4586 | D        | Reached skill level 10 in Fighting
  4762 | D        | Reached XP level 14. HP: 87/99 MP: 33/33
  4891 | D        | Noticed a deep elf master archer
  4900 | D        | Killed a deep elf master archer
  4906 | D        | Received a gift from Sif Muna
  4986 | D        | Received a gift from Sif Muna
  4987 | D        | Reached skill level 10 in Shields
  5056 | D        | Got Ylosua's Atlas of Arcane Weapons and Apparitions {god
                  | gift}
  5100 | D        | Lost mutation: Your natural rate of healing is unusually
                  | fast. [potion of mutation]
  5100 | D        | Gained mutation: You are weak. (Str -2) [potion of
                  | mutation]
  5100 | D        | Gained mutation: You have hidden genetic defects. [potion
                  | of mutation]
  5100 | D        | Gained mutation: You occasionally lose the ability to read
                  | scrolls when taking damage. [potion of mutation]
  5100 | D        | Gained mutation: You expend magic power (3 MP) to
                  | strengthen your wands. [potion of mutation]
  5101 | D        | Lost mutation: You have hidden genetic defects. [potion of
                  | mutation]
  5101 | D        | Lost mutation: You expend magic power (3 MP) to strengthen
                  | your wands. [potion of mutation]
  5101 | D        | Lost mutation: You occasionally lose the ability to read
                  | scrolls when taking damage. [potion of mutation]
  5101 | D        | Gained mutation: Your mind is acute. (Int +4, Str/Dex -1)
                  | [potion of mutation]
  5101 | D        | Gained mutation: Potions are less effective at restoring
                  | your health. [potion of mutation]
  5101 | D        | Gained mutation: You have hidden genetic potential. [potion
                  | of mutation]
  5205 | D        | Identified the amulet of Amorality {Faith Will+}
  5209 | D        | Got Wyiwuyp's Grimoire of Moving Adjuration
  5213 | D        | Got the Tractate on the Vexatious Jaunt
  5220 | D        | Noticed Gloorx Vloq
  5232 | D        | Noticed an Executioner
  5232 | D        | Noticed an Executioner
  5234 | D        | Noticed an Executioner
  5239 | D        | Noticed an Executioner
  5239 | D        | Noticed an Executioner
  5239 | D        | Noticed an Executioner
  5240 | D        | Killed a vampire knight
  5240 | D        | Noticed an Executioner
  5247 | D        | Noticed a curse toe
  5248 | D        | Noticed an Executioner
  5248 | D        | Killed Gloorx Vloq
  5249 | D        | Reached skill level 16 in Spellcasting
  5249 | D        | Reached skill level 15 in Conjurations
  5249 | D        | Reached skill level 10 in Air Magic
  5251 | D        | Killed a curse toe
  5329 | D        | Noticed a royal mummy
  5335 | D        | Noticed an emperor scorpion
  5335 | D        | Noticed an emperor scorpion
  5337 | D        | Killed a royal mummy
  5614 | D        | Received a gift from Sif Muna
  5617 | D        | Got Utunagah's Papyrus of Shocking Pollution {god gift}
  5944 | D        | Reached skill level 15 in Fire Magic
  5953 | D        | Gained mutation: Your magical capacity is low. (-10% MP)
                  | [mutagenic glow]
  5955 | D        | Lost mutation: Potions are less effective at restoring your
                  | health. [potion of mutation]
  5955 | D        | Lost mutation: Your magical capacity is low. (-10% MP)
                  | [potion of mutation]
  5955 | D        | Lost mutation: You have hidden genetic potential. [potion
                  | of mutation]
  5955 | D        | Gained mutation: You expend magic power (3 MP) to
                  | strengthen your wands. [potion of mutation]
  5955 | D        | Gained mutation: You are partially covered in iridescent
                  | scales. (AC +2) [potion of mutation]
  6113 | D        | Noticed a deep elf blademaster
  6125 | D        | Killed a deep elf blademaster
  6137 | D        | Reached skill level 17 in Spellcasting
  6262 | D        | Learned a level 8 spell: Ignition
  6396 | D        | Received a gift from Sif Muna
  6396 | D        | Received a gift from Sif Muna
  6396 | D        | Reached ****** piety under Sif Muna
  6398 | D        | Received a gift from Sif Muna
  6399 | D        | Reached XP level 15. HP: 109/109 MP: 29/36
  6403 | D        | Got Sif Muna's Compilation of Profane Magic {god gift}
  6403 | D        | Got Kequgg's Parchment of the Mercurial Commander {god
                  | gift}
  6403 | D        | Got Sif Muna's Octavo of Hurting {god gift}
  6449 | D        | Noticed a quicksilver dragon
  6453 | D        | Killed a quicksilver dragon
  6632 | D        | Noticed a quicksilver dragon
  6639 | D        | Killed a quicksilver dragon
  6640 | D        | Reached skill level 18 in Spellcasting
  6704 | D        | Noticed a quicksilver dragon
  6713 | D        | Killed a quicksilver dragon
  6717 | D        | Received a gift from Sif Muna
  6725 | D        | Got Sif Muna's Opusculum on Prime Electricity {god gift}
  6955 | D        | Noticed Murray
  7155 | D        | Learned a level 7 spell: Malign Gateway
  7269 | D        | Killed Murray
  7391 | D        | Got the Orb of Zot
  7523 | D        | Noticed an Orb Guardian
  7525 | D        | Killed an Orb Guardian
  7560 | D        | Noticed Pedyuh the pandemonium lord
  7563 | D        | Noticed an Ice Fiend
  7564 | D        | Killed an Ice Fiend
  7570 | D        | Killed Pedyuh the pandemonium lord
  7589 | D        | Noticed a balrug
  7603 | D        | Killed a balrug
  7617 | D        | Reached skill level 19 in Spellcasting
  7720 | D        | Received a gift from Sif Muna
  7790 | D        | Noticed a balrug
  7796 | D        | Killed a balrug
  7796 | D        | Noticed an Orb Guardian
  7803 | D        | Killed an Orb Guardian
  7803 | D        | Received a gift from Sif Muna
  7804 | D        | Got Sif Muna's Catalogue of Conjury {god gift}
  7864 | D        | Noticed a balrug
  7869 | D        | Killed a balrug
  7873 | D        | Noticed an Orb Guardian
  7879 | D        | Escaped with the Orb!

Illustrated notes

Levels and vault maps discovered:
D:        the_violet_keep_of_menkaure [sprint2_stairs_cluster_1,
          sprint2_shoproom, sprint2_temple, sprint2_basic_supplies,
          sprint2_obstacle_6, sprint2_obstacle_7, sprint2_obstacle_5,
          sprint2_obstacle_1, sprint2_obstacle_4, sprint2_timed_cluster_1,
          sprint2_smallroom_cluster_1, sprint2_smallroom_final_cluster_1,
          sprint2_transparent_cluster_1, sprint2_second_timed_cluster_1,
          sprint2_sniper_area_1, sprint2_heavy_combat_area_1,
          sprint2_mutation_trap_area_1, sprint2_forest_area_1,
          sprint2_light_combat_area_1, sprint2_behind_water_1,
          sprint2_near_end_vault_1]

Skill      XL: |  1  2  3  4  5  6  7  8  9 10 11 12 13 14 15 |
---------------+----------------------------------------------+-----
Dodging        | 3 4 5 6 7 9 10 | 10.3
Stealth        | 4 5 6 |  6.0
Spellcasting   | 4 6 8 9 10 11 12 13 15 17 19 | 19.6
Conjurations   | 4 5 6 9 10 11 12 13 14 16 17 | 17.4
Fire Magic     | 4 5 7 8 9 10 11 12 14 15 17 | 17.0
Hexes          | 5 6 |  6.0
Translocations | 3 5 7 8 9 10 | 10.0
Invocations    | 5 8 11 12 14 15 17 18 | 18.6
Fighting       | 1 5 6 8 10 12 14 | 14.3
Summonings     | 4 6 9 10 12 | 12.0
Shields        | 3 7 9 12 14 | 14.0
Air Magic      | 2 8 10 | 10.0

Action                     |  1- 3 |  4- 6 |  7- 9 | 10-12 | 13-15 || total
---------------------------+-------+-------+-------+-------+-------++-------
  Melee: Unarmed           |     4 |    11 |       |       |       ||    15
         Tentacles         |     1 |     6 |       |     6 |     5 ||    18
         Constrict         |     1 |     3 |       |     2 |     2 ||     8
         Staff             |       |       |     1 |       |    10 ||    11
         Hand axe          |       |       |       |    16 |    14 ||    30
         Punch             |       |       |       |       |     1 ||     1
   Cast: Scorch            |       |     8 |    17 |    34 |    55 ||   114
         Foxfire           |       |     7 |     9 |    15 |     5 ||    36
         Inner Flame       |       |     3 |    10 |    20 |       ||    33
         Summon Small Mamm |       |       |     7 |     4 |       ||    11
         Flame Wave        |       |       |     4 |     5 |     1 ||    10
         Dragon's Call     |       |       |       |     2 |     1 ||     3
         Blink             |       |       |       |     2 |     8 ||    10
         Malign Gateway    |       |       |       |     1 |     1 ||     2
         Summon Cactus Gia |       |       |       |     5 |    25 ||    30
         Fireball          |       |       |       |     4 |    20 ||    24
         Plasma Beam       |       |       |       |       |    67 ||    67
         Orb of Destructio |       |       |       |       |    63 ||    63
         Iskenderun's Myst |       |       |       |       |    31 ||    31
         Dispersal         |       |       |       |       |     6 ||     6
         Fire Storm        |       |       |       |       |     4 ||     4
         Ignition          |       |       |       |       |     7 ||     7
 Invoke: Channel Magic     |       |       |     1 |     3 |    14 ||    18
         Divine Exegesis   |       |       |       |     3 |     5 ||     8
         Forget Spell      |       |       |       |     2 |     2 ||     4
  Evoke: Wand              |       |       |       |       |     1 ||     1
    Use: Potion            |     2 |     1 |     8 |     4 |    29 ||    44
         Scroll            |       |       |     6 |     3 |    11 ||    20
   Stab: Sleeping          |       |       |       |     1 |       ||     1
 Armour: Skin              |     1 |     5 |    35 |    26 |    75 ||   142
  Dodge: Dodged            |     1 |     6 |     4 |    29 |    47 ||    87
  Block: Buckler           |       |       |       |     7 |    37 ||    44
         Reflection        |       |       |       |       |     3 ||     3

Table legend: (Time is in decaauts)
 A = Elapsed time spent in this place.
 B = Non-inter-level travel time spent in this place.
 C = Inter-level travel time spent in this place.
 D = Time resting spent in this place.
 E = Time spent auto-exploring this place.
 F = Levels seen in this place.
 G = Mean time per level.
                   A        B        C        D        E       F      G
               +--------+--------+--------+--------+--------+-----+--------+
         Total |   7816 |   7814 |      2 |   4377 |      0 |   1 | 7816.0 |
       Dungeon |   7816 |   7814 |      2 |   4377 |      0 |   1 | 7816.0 |
               +--------+--------+--------+--------+--------+-----+--------+

Top non-repeatable levels by time:
       D: 7816 daAuts
